AoeStats
← xiscosb

Arabia

510121593Analyzed
1v1 RM · 3d ago on Sep 29, 2026· 53m 15s· 2 players
Game mode
Random Map
Map size
Tiny (2 player)
Population
200
Speed
Normal
Resources
Standard
Victory
Conquest
Starting age
Dark Age
Ending age
Imperial Age
RankedLock teamsTeams togetherTeam positionsShared explorationLock speedFull tech treeHidden civsTurbo modeCheats
Victory
Defeat
🇨🇳 Magyars · China
851
+14
🇪🇸 Persians · Spain
817
-14
xiscosb
0:26 Loom
10:38 Feudal Age
11:50 Wheelbarrow
11:08 Gold Mining
11:19 Double-Bit Axe
26:01 Castle Age
26:14 Pikeman
27:42 Elite Skirmisher
34:38 Bow Saw
34:10 Horse Collar
38:05 Imperial Age
35:37 Fletching
38:26 Hand Cart
38:33 Halberdier
39:25 Forging
39:57 Bodkin Arrow
41:18 Heavy Plow
42:25 Squires
43:07 Iron Casting
42:35 Scale Mail Armor
42:36 Padded Archer Armor
43:18 Town Watch
44:33 Conscription
46:44 Blast Furnace
46:01 Leather Archer Armor
46:57 Citadels
47:52 Chemistry
47:15 Ballistics
50:05 Chemistry
49:16 Masonry
49:42 Ring Archer Armor
49:28 Chain Mail Armor
52:50 Plate Mail Armor
52:28 Scale Barding Armor
80后神登
1:39 Loom
10:57 Feudal Age
11:00 Man-at-Arms
14:05 Arson
19:21 Fletching
23:55 Castle Age
22:03 Horse Collar
22:12 Double-Bit Axe
24:09 Bloodlines
24:32 Crossbowman
25:05 Light Cavalry
26:46 Wheelbarrow
26:36 Long Swordsman
28:03 Pikeman
30:53 Town Watch
31:18 Husbandry
34:35 Heavy Plow
34:56 Scale Barding Armor
36:37 Hand Cart
38:03 Bow Saw
37:55 Bodkin Arrow
42:47 Town Patrol
43:19 Chain Barding Armor
42:59 Padded Archer Armor
43:01 Scale Mail Armor
47:00 Imperial Age
45:10 Corvinian Army
46:34 Ballistics
47:07 Cavalier
47:17 Heavy Cavalry Archer
47:19 Arbalester
47:53 Halberdier
48:01 Hussar
49:32 Crop Rotation
49:36 Conscription
50:39 Two-Man Saw
52:15 Bracer
52:08 Paladin
Connection lost

Rejoining the realm…

Still unreachable

The connection could not be restored.

Session expired

The server has moved on; the page needs a fresh start.